 Dungeon Crawl Stone Soup version 0.31.0-9-g3a7656b989 (webtiles) character file.

Game seed: 11274417540148647452

44 ChrisAssaf the Changeling (level 3, -1/7 HPs)
             Began as a Human Shapeshifter on Jan 24, 2024.
             Was a Follower of Hepliaklqana.
             Slain by a quokka (4 damage)
             ... on level 2 of the Dungeon.
             The game lasted 00:04:19 (883 turns).

ChrisAssaf the Changeling (Human Shapeshifter)       Turns: 883, Time: 00:04:20

Health: -1/7       AC:  0    Str: 14    XL:     3   Next: 60%
Magic:  3/3        EV: 12    Int: 12    God:    Hepliaklqana [*.....]
Gold:   71         SH:  0    Dex: 14    Spells: 0/2 levels left

rFire   x . .        e - +3 short sword "Guruahicu" {pain, +Blink rF- Dex+2}
rCold   . . .        (no shield)
rNeg    . . .        a - melded +0 animal skin
rPois   .            (no helmet)
rElec   .            (no cloak)
rCorr   .            (no gloves)
SInv    .            (no boots)
Will    .....        (no amulet)
Stlth   ++           (no ring)
HPRegen 0.21/turn    (no ring)
MPRegen 0.08/turn

%: no passive effects
@: maw-form
A: devouring maw, reduced hp, reduced essence, explore regen
a: Begin Untransformation, Renounce Religion, Evoke Blink, Recall Ancestor,
Ancestor Identity


You were on level 2 of the Dungeon.
You worshipped Hepliaklqana.
Hepliaklqana was aware of your devotion.
You were a creature with a mouth for a stomach.
You visited 1 branch of the dungeon, and saw 2 of its levels.

You collected 71 gold pieces.

Inventory:

Hand Weapons
 e - the +3 short sword "Guruahicu" (weapon) {pain, +Blink rF- Dex+2}
   (You found it on level 2 of the Dungeon)

   Dex+2:     It affects your dexterity (+2).
   rF-:       It makes you vulnerable to fire.
   +Blink:    It lets you blink.
Armour
 a - a +0 animal skin (melded)
Talismans
 c - a beast talisman
 d - a flux talisman
 h - a maw talisman (active)
Scrolls
 f - a scroll of teleportation
Potions
 b - a potion of lignification


   Skills:
 * Level 1.2 Fighting
 * Level 0.2 Short Blades
 * Level 0.5 Armour
 * Level 2.1 Dodging
 * Level 0.9 Stealth
 * Level 3.4 Unarmed Combat
 * Level 0.1 Spellcasting
 * Level 0.2 Invocations
 * Level 0.1 Evocations
 * Level 3.4 Shapeshifting


You couldn't memorise any spells.
You knew the following spells:

 Your Spells              Type           Power      Damage    Failure   Level
a - Call Imp              Summ           0%         N/A       43%         2

Your spell library contained the following spells:

 Spells                   Type           Power      Damage    Failure   Level
 Magic Dart               Conj           0%         1d3       32%         1
 Blink                    Tloc           0%         N/A       45%         2
 Sublimation of Blood     Necr           0%         N/A       45%         2
 Mephitic Cloud           Conj/Alch/Air  0%         N/A       69%         3
 Borgnjor's Vile Clutch   Necr/Erth      0%         N/A       100%        5
 Death Channel            Necr           0%         N/A       100%        6


Dungeon Overview and Level Annotations

Branches:
Dungeon (2/15)

Altars:
Gozag
Hepliaklqana


Innate Abilities, Weirdness & Mutations

You are a creature with a mouth for a stomach.
Your midsection houses a second, enormous mouth.
Your maximum health is decreased, since you lack skill for your form.
Your life essence is reduced to manifest your ancestor. (-10% HP)
You regain HP and MP as you explore.


Message History

The stone barely misses Bantay.
The stone hits you.
You swap places.
The kobold closely misses you.
You miss the kobold. You bite the kobold.
You kill the kobold!
Things that are here:
a +0 dagger; 4 stones; a kobold corpse You open the door.
A bat and an endoplasm come into view.
Found a scroll of fog.
There is an open door here.
You swap places.
Bantay hits the bat.
The bat dies!
You swap places.
You swap places.
There is an open door here.
A quokka and a rat come into view.
The rat squeaks loudly.
You swap places.
There is an open door here.
Bantay misses the quokka.
Bantay hits the quokka.
The rat barely misses Bantay.
Bantay hits the quokka but does no damage.
Bantay hits the rat.
The rat dies!
You hit the endoplasm.
The endoplasm is moderately wounded.
The endoplasm misses you.
You hit the endoplasm.
The endoplasm is almost dead.
The endoplasm barely misses you.
You hit the endoplasm.
You kill the endoplasm!
The quokka bites you.
Ouch! That really hurt!
* * * LOW HITPOINT WARNING * * *
Bantay closely misses the quokka.
Unknown command.
The quokka bites you.
Ouch! That really hurt!
You die...

#.### #<..#
#)#.# #.#.#
#.#)# #
#.#.###
#.#.>...#
#.....#.#####
###...W.....#
#....r....#
#....R....#
#####'#######
#...........#
#..........?#
+....†......#
#...........#
#............


You could see the friendly Bantay the ancestor and a quokka (ally target).

Vanquished Creatures
  A gnoll (D:1)
  An adder (D:2)
  2 bats
  2 endoplasms (D:2)
  2 giant cockroaches (D:1)
  A hobgoblin (D:1)
  3 kobolds (D:2)
  2 quokkas
  3 frilled lizards (D:1)
  5 rats
  A spectral goblin (D:2)
23 creatures vanquished.

Vanquished Creatures (collateral kills)
  An endoplasm (D:2)
  2 bats (D:2)
  A rat (D:2)
4 creatures vanquished.

Grand Total: 27 creatures vanquished

Notes
Turn   | Place    | Note
-------+----------+-------------------------------------------
     0 | D:1      | ChrisAssaf the Human Shapeshifter began the quest for the
                  | Orb.
     0 | D:1      | Reached XP level 1. HP: 15/15 MP: 1/1
   167 | D:1      | Reached XP level 2. HP: 10/21 MP: 2/2
   326 | D:2      | Identified the +3 short sword "Guruahicu" {pain, +Blink rF-
                  | Dex+2}
   366 | D:2      | Reached XP level 3. HP: 17/26 MP: 3/3
   395 | D:2      | Found a faded altar of an unknown god.
   438 | D:2      | Prayed at the altar of an unknown god.
   438 | D:2      | Became a worshipper of Hepliaklqana the Forgotten
   438 | D:2      | Reached * piety under Hepliaklqana
   458 | D:2      | Learned a level 2 spell: Call Imp
   608 | D:2      | Found an opulent altar of Gozag.
   658 | D:2      | Got the Textbook on the Charnel Lungs
   883 | D:2      | Slain by a quokka

Illustrated notes

Levels and vault maps discovered:
D:1:      dpeg_arrival_shrine, layout_basic
D:2:      layout_basic, basic_altar, dreamdust_ecumenical_altar_drowned_temple,
          kennysheep_generic_room_2

Action                     || total
---------------------------++-------
  Melee: Unarmed           ||    34
         Short sword       ||    25
         Maw               ||     1
 Invoke: Recall Ancestor   ||     1
         Ancestor Identity ||     1
    Use: Scroll            ||     7
   Stab: Sleeping          ||     1
 Armour: Skin              ||    11
         Animal skin       ||     9
  Dodge: Dodged            ||    41
   Form: Flux              ||     1
         Beast             ||     1
         Maw               ||     1
